 Dungeon Crawl Stone Soup version 0.26-a0-362-g1d9a9cd4fa (webtiles) character file.

Game seed: 15849682065954348738

75 KristoblXynda the Ducker (level 4, 0/44 HPs)
             Began as a Troll Fighter on July 17, 2020.
             Was an Initiate of Okawaru.
             Succumbed to Crazy Yiuf's poison
             ... on level 2 of the Dungeon on July 18, 2020.
             The game lasted 00:02:37 (1461 turns).

KristoblXynda the Ducker (Troll Fighter)            Turns: 1461, Time: 00:02:38

Health: 0/44       AC:  7    Str: 24    XL:     4   Next: 11%
Magic:  3/3        EV:  8    Int:  5    God:    Okawaru [......]
Gold:   143        SH:  8    Dex:  9    Spells: 3/3 levels left

rFire    . . .     SeeInvis .     - Unarmed
rCold    . . .     Faith    .   b - +0 kite shield
rNeg     . . .     Spirit   .   a - +0 robe
rPois    .         Reflect  .   d - +1 hat
rElec    .         Harm     .   (no cloak)
rCorr    .                      (gloves unavailable)
MR       .....                  (boots unavailable)
Stlth    +.........             (no amulet)
HPRegen  0.54/turn              (no ring)
MPRegen  0.08/turn              (no ring)

@: lethally poisoned (0 -> -1), lightly drained
A: large, unfitting armour, claws 3, regeneration 1, shaggy fur 1, tough skin 3
a: Renounce Religion


You were on level 2 of the Dungeon.
You worshipped Okawaru.
Okawaru was noncommittal.
You visited 1 branch of the dungeon, and saw 2 of its levels.

You collected 143 gold pieces.

Inventory:

Armour
 a - a +0 robe (worn)
 b - a +0 kite shield (worn)
 d - a +1 hat (worn)
Jewellery
 o - an uncursed ring of positive energy {unknown}
Scrolls
 e - a scroll of magic mapping {unknown}
 f - a scroll of fog {unknown}
 h - 2 scrolls of teleportation {unknown}
 j - 2 scrolls of identify {unknown}
 k - 2 scrolls of remove curse {unknown}
 m - a scroll of amnesia {unknown}
 n - a scroll of random uselessness {unknown}
Potions
 c - a potion of might
 g - a potion of lignification
 i - a potion of flight


   Skills:
 - Level 2.4(2.0) Fighting
 + Level 3.1(2.7) Dodging
 + Level 3.1(2.7) Shields
 + Level 3.0(2.6) Unarmed Combat


You had 3 spell levels left.
You didn't know any spells.
Your spell library was empty.

Dungeon Overview and Level Annotations

Branches:
Dungeon (2/15)

Altars:
Okawaru
Wu Jian

Annotations:
D:2 Crazy Yiuf


Innate Abilities, Weirdness & Mutations

You are too large for most types of armour.
You have claws for hands.
Your natural rate of healing is unusually fast.
You are covered in fur. (AC +1)
You have extremely tough skin. (AC +3)


Message History

* * * LOW HITPOINT WARNING * * *
Crazy Yiuf freezes you!
* * * LOW HITPOINT WARNING * * *
* * * LOW HITPOINT WARNING * * *
You feel sick.
It was a potion of lignification.
You feel woody for a moment.
* * * LOW HITPOINT WARNING * * *
You feel sick.
It was a potion of flight.
You feel more buoyant.
* * * LOW HITPOINT WARNING * * *
You feel sick.
Crazy Yiuf zaps a wand.
It was a potion of cancellation.
Your magical effects are unravelling.
You feel magically purged.
Your transformation has ended.
Your +1 hat unmelds from your body.
Your +0 kite shield unmelds from your body.
Your +0 robe unmelds from your body.
You float gracefully downwards.
You die...

....######.# #.# #.# #.#
###.# #.# #.# #.# #.###
#.# #.# #.# #.# #....
#(# #.# #.# #.# #####
#)# ### ### ### # #.# #
##.############# #
##............#.### ###
########
....####.......#@g##...#
#....... #####
#......####.'...#
######## ##....##
###..)# ###### ### ###
#.# #.#


You could see Crazy Yiuf.

Vanquished Creatures
  3 adders (D:2)
  A worm (D:2)
  2 dart slugs
  2 leopard geckos (D:1)
  A giant cockroach (D:2)
  2 goblins (D:2)
  6 hobgoblins
  2 jackals (D:2)
  4 kobolds
  A quokka (D:2)
  A ball python (D:1)
  4 bats
  5 frilled lizards
  8 rats
42 creatures vanquished.

Notes
Turn   | Place    | Note
-------+----------+-------------------------------------------
     0 | D:1      | KristoblXynda the Troll Fighter began the quest for the
                  | Orb.
     0 | D:1      | Reached XP level 1. HP: 22/22 MP: 0/0
     1 | D:1      | Upgraded the game from 0.26-a0-346-g33516b1736 to
                  | 0.26-a0-362-g1d9a9cd4fa
   140 | D:1      | Reached XP level 2. HP: 29/29 MP: 1/1
   721 | D:2      | Found an iron altar of Okawaru.
   734 | D:2      | Reached XP level 3. HP: 30/36 MP: 2/2
   746 | D:2      | Became a worshipper of Warmaster Okawaru
   948 | D:2      | Reached XP level 4. HP: 37/44 MP: 3/3
  1294 | D:2      | Found a runed translucent door.
  1295 | D:2      | Noticed Crazy Yiuf
  1402 | D:2      | Found an ornate altar of the Wu Jian Council.
  1456 | D:2      | HP: 2/44 [Crazy Yiuf/+3 quarterstaff of chaos (7)]
  1461 | D:2      | Succumbed to Crazy Yiuf's poison

Illustrated notes

Levels and vault maps discovered:
D:1:      co_arrival_random_square_maze, layout_basic
D:2:      layout_loops_ring, lemuel_crystal_altar, lemuel_tele_altar,
          uniq_crazy_yiuf_cottage

Skill      XL: |  1  2  3  4 |
---------------+-------------+-----
Dodging        | 3 |  3.1
Shields        | 3 |  3.1
Unarmed Combat | 3 |  3.0
Fighting       | |  2.4

Action                   |  1- 3 |  4- 6 || total
-------------------------+-------+-------++-------
Melee: Unarmed           |    96 |    29 ||   125
  Use: Potion            |       |     3 ||     3
Armor: Robe              |    41 |     6 ||    47
Dodge: Dodged            |    34 |     8 ||    42
Block: Kite shield       |    34 |     7 ||    41

Table legend:
 A = Non-vault XP
 B = Vault XP
 C = Vault XP percentage of total XP
 D = Non-vault monster count
 E = Vault monster count
 F = Vault count percentage of total count
                 A         B        C        D         E       F
            +---------+---------+-------+---------+---------+-------
      Total |     108 |       0 |   0.0 |      42 |       0 |   0.0
            +---------+---------+-------+---------+---------+-------
        D:1 |      30 |       0 |   0.0 |      16 |       0 |   0.0
        D:2 |      78 |       0 |   0.0 |      26 |       0 |   0.0
            +---------+---------+-------+---------+---------+-------
